Map: Blueshift LE

Players

Lambo - Winner!

  • Race: Zerg Zerg
  • League: Grandmaster
  • Spawn Location: 1:00

NaTerran

  • Race: Terran Terran
  • League: Grandmaster
  • Spawn Location: 7:00

VOD

Have the link to the VOD?

Description

Time

  • Played on: Jan. 8, 2019, 2:31 p.m.
  • Length: 8:51
Show
View Real Time Build Order
Export as new Build Order

Lambo Zerg - Winner!

Build Orders: Hatch First 

Get SALT Encoding   

  12  0:00  Drone  
  13  0:13  Overlord  
  13  0:17  Drone  
  14  0:32  Drone x2  
  16  0:50  Hatchery  
  16  0:51  Drone  
  16  0:55  Drone  
  17  0:59  Drone  
  18  1:09  Extractor  
  17  1:14  Spawning Pool  
  17  1:17  Drone  
  17  1:20  Drone  
  18  1:29  Drone  
  19  1:40  Drone  
  20  1:51  Overlord  
  20  2:01  Queen  
  20  2:02  Queen  
  20  2:03  Zergling x4  
  26  2:09  Metabolic Boost  
  26  2:14  Drone x2  
  28  2:22  Drone  
  29  2:23  Drone  
  30  2:36  Hatchery  
  29  2:41  Drone  
  30  2:47  Drone  
  30  2:48  Pneumatized Carapace  
  31  2:52  Drone  
  31  2:55  Overlord  
  32  2:59  Drone  
  32  3:02  Drone  
  34  3:09  Drone  
  35  3:16  Drone x3  
  35  3:19  Drone  
  39  3:22  Overlord  
  39  3:23  Queen  
  41  3:28  Drone  
  41  3:29  Drone  
  43  3:38  Overlord  
  43  3:39  Drone  
  43  3:40  Queen  
  46  3:49  Evolution Chamber  
  46  3:53  Drone  
  46  3:55  Queen, Drone  
  49  3:56  Overlord  
  49  3:58  Drone x3  
  49  4:02  Drone x2  
  54  4:11  Drone  
  54  4:12  Drone  
  54  4:13  Drone  
  54  4:16  Zerg Ground Armor Level 1, Drone  
  58  4:17  Queen  
  58  4:20  Drone  
  58  4:21  Drone  
  58  4:23  Overlord  
  62  4:27  Zergling x6  
  65  4:34  Queen  
  65  4:36  Overlord, Zergling x4  
  69  4:39  Zergling x4  
  69  4:40  Zergling x2  
  69  4:42  Zergling x2  
  73  4:51  Lair  
  73  4:52  Extractor x2  
  71  4:56  Zergling x12  
  74  5:07  Zergling x4  
  74  5:08  Drone x7  
  81  5:15  Queen  
  81  5:17  Evolution Chamber, Drone x2  
  81  5:18  Baneling Nest  
  81  5:19  Drone  
  84  5:21  Drone  
  84  5:23  Drone x2  
  84  5:25  Extractor  
  84  5:26  Drone  
  87  5:34  Drone x2  
  89  5:42  Overlord  
  89  5:43  Zerg Melee Weapons Level 1  
  89  5:44  Overlord  
  89  5:46  Overlord  
  89  5:48  Hatchery  
  88  5:55  Overlord  
  88  5:57  Overlord  
  88  6:02  Zergling x18  
  97  6:04  Centrifical Hooks  
  97  6:05  Drone  
  97  6:06  Baneling x5  
  97  6:10  Zergling x4  
  100  6:13  Zergling x2  
  100  6:17  Zergling x2  
  102  6:20  Baneling x6  
  102  6:24  Zergling x10  
  107  6:26  Overlord  
  107  6:31  Zergling x12  
  113  6:41  Drone x3  
  116  6:48  Drone x2  
  116  6:51  Drone  
  116  6:52  Infestation Pit  
  116  6:53  Queen  
  120  6:54  Overlord  
  115  7:02  Drone x5  
  120  7:12  Zergling x16  
  120  7:14  Queen  
  128  7:16  Baneling x10  
  128  7:18  Zergling x2  
  128  7:22  Drone x4  
  133  7:27  Overlord  
  133  7:28  Overlord  
  129  7:33  Hatchery  
  129  7:34  Overlord  
  129  7:35  Drone x2  
  129  7:36  Hive  
  129  7:44  Zergling x16  
  129  7:50  Zergling x2  
  129  7:51  Zergling x12  
  144  7:55  Zergling x2  
  138  8:00  Zergling x6  
  138  8:02  Zergling x2  
  138  8:07  Overseer  
  138  8:11  Zergling x10  
  137  8:13  Overlord  
  137  8:18  Zergling x10  
  142  8:23  Overseer  
  142  8:30  Zergling x8  
  145  8:39  Drone x5  
Show
View Real Time Build Order
Export as new Build Order

NaTerran Terran 

Build Orders: Reaper Expand 

Get SALT Encoding   

  12  0:01  SCV  
  13  0:13  SCV  
  14  0:17  Supply Depot  
  14  0:25  SCV  
  15  0:38  SCV  
  15  0:40  Barracks  
  16  0:43  Refinery  
  16  0:50  SCV  
  17  1:03  SCV  
  18  1:15  SCV  
  19  1:29  Reaper, Orbital Command  
  20  1:38  Command Center  
  20  1:49  Barracks  
  20  1:55  SCV  
  21  2:01  Barracks Reactor  
  21  2:07  SCV  
  22  2:12  Supply Depot  
  22  2:15  Refinery  
  22  2:19  SCV  
  23  2:27  Factory  
  23  2:33  SCV  
  25  2:38  Marine x2, Barracks Tech Lab  
  26  2:45  SCV  
  27  2:51  Orbital Command  
  27  2:56  Marine x2  
  27  2:57  SCV  
  30  3:02  Stimpack  
  30  3:09  SCV  
  31  3:16  Marine x2  
  31  3:17  Marine  
  34  3:20  SCV  
  34  3:22  SCV  
  34  3:26  Factory Reactor, Starport  
  36  3:32  SCV  
  37  3:34  SCV  
  37  3:37  Supply Depot  
  37  3:39  Marine x2  
  40  3:41  Marine  
  40  3:45  SCV  
  40  3:47  SCV  
  43  3:57  Marine x2, SCV  
  43  3:59  Marine, SCV  
  43  4:00  Supply Depot  
  47  4:08  Supply Depot  
  47  4:09  Medivac  
  36  4:10  Medivac  
  49  4:14  SCV x2  
  49  4:16  Marine  
  54  4:21  Marine x2  
  56  4:27  Engineering Bay  
  56  4:28  SCV x2  
  58  4:34  Marine, Engineering Bay  
  59  4:39  Marine x2, Supply Depot  
  59  4:40  SCV x2  
  63  4:52  Marine, SCV x2  
  66  4:56  Terran Infantry Weapons Level 1  
  66  4:57  Marine x2  
  68  5:02  Terran Infantry Armor Level 1  
  69  5:09  Combat Shield  
  69  5:10  Marine  
  71  5:15  Marine  
  71  5:20  Marine, Supply Depot  
  71  5:23  Refinery  
  71  5:27  Marine  
  71  5:28  Command Center  
  72  5:32  Medivac  
  72  5:33  Marine  
  72  5:34  Medivac  
  77  5:37  Marine  
  78  5:47  SCV, Supply Depot  
  79  5:51  Barracks x2  
  79  5:52  Barracks  
  79  5:54  SCV  
  80  5:57  Marine x3  
  80  6:01  SCV  
  84  6:04  Refinery  
  84  6:05  Armory  
  84  6:08  Supply Depot  
  84  6:14  Marine, SCV  
  84  6:15  Marine, SCV  
  84  6:17  Factory Reactor  
  88  6:27  SCV  
  88  6:30  SCV  
  88  6:32  Marine  
  91  6:39  Marine  
  94  6:40  Barracks Reactor x2  
  94  6:42  Barracks Reactor  
  94  6:44  SCV, Orbital Command  
  94  6:45  SCV  
  94  6:50  Medivac x2  
  98  6:56  SCV  
  98  6:58  SCV  
  95  7:01  Marine x3  
  95  7:03  Widow Mine x2  
  95  7:06  Supply Depot  
  102  7:12  Orbital Command  
  102  7:20  SCV x2  
  104  7:32  Marine x3, SCV x2  
  104  7:33  Marine x5  
  106  7:39  Widow Mine  
  106  7:40  SCV  
  106  7:44  SCV  
  110  7:47  Widow Mine  
  110  7:48  SCV  
  113  7:53  Supply Depot x2  
  113  7:54  Medivac x2  
  113  7:56  SCV  
  113  8:00  Marine  
  113  8:04  Marine  
  113  8:05  Marine x3  
  112  8:07  SCV  
  111  8:13  SCV x2  
  111  8:14  Widow Mine x2  
  111  8:17  Marine  
  111  8:18  Marine  
  111  8:19  SCV  
  120  8:21  Supply Depot  
  120  8:23  Marine  
  120  8:24  Supply Depot  
  120  8:25  SCV x2  
  123  8:30  Marine  
  123  8:31  Marine, SCV  
  123  8:32  Marine x4  
Tags
 
Add a new tag
Caveats
  • Supply blocks, unpowered buildings, or Contaminate may cause inaccurate times.
  • Supply counts are checked every 10 seconds.